 Dungeon Crawl Stone Soup version 0.31.0-9-g3a7656b989 (console) character file.

Game seed: 14241529249372424925

27 AlterAsc the Shield-Bearer (level 3, 0/29 HPs)
             Began as a Formicid Fighter on Jan 30, 2024.
             Slain by a cerulean imp
             ... wielding a +2 spear
             ... summoned by Natasha
              (8 damage)
             ... on level 2 of the Dungeon.
             The game lasted 00:01:25 (883 turns).

AlterAsc the Shield-Bearer (Formicid Fighter)        Turns: 883, Time: 00:01:26

Health: 0/29       AC:  0    Str: 22    XL:     3   Next: 25%
Magic:  3/3        EV: 13    Int:  7    God:
Gold:   31         SH:  0    Dex: 13    Spells: 2/2 levels left

rFire   . . .        a - melded +0 war axe
rCold   . . .        c - melded +0 buckler
rNeg    . . .        b - melded +0 scale mail
rPois   .            (helmet unavailable)
rElec   .            (cloak currently unavailable)
rCorr   .            (gloves currently unavailable)
SInv    .            (boots currently unavailable)
Will    .....        (no amulet)
Stlth   +            (ring currently unavailable)
HPRegen 0.24/turn    (ring currently unavailable)
MPRegen 0.08/turn

%: no passive effects
@: pig-form, very quick
A: fast, no casting, permanent stasis, dig shafts and tunnels, small, (antennae
3), four strong arms
a: no special abilities


You were on level 2 of the Dungeon.
You were a filthy swine.
You visited 1 branch of the dungeon, and saw 2 of its levels.

You collected 31 gold pieces.

Inventory:

Hand Weapons
 a - a +0 war axe (melded)
Armour
 b - a +0 scale mail (melded)
 c - a +0 buckler (melded)
Scrolls
 e - 2 scrolls of identify {unknown}
 f - a scroll of amnesia {unknown}
 k - a scroll of fear {unknown}
Potions
 d - a potion of might
 g - a potion of berserk rage {unknown}
 h - 2 potions of curing {unknown}
 i - a potion of enlightenment {unknown}
 j - a potion of lignification {unknown}
 l - a potion of degeneration {unknown}


   Skills:
 - Level 3.2 Fighting
 + Level 3.5 Axes
 - Level 3.2 Armour
 - Level 4.0 Shields


You had 2 spell levels left.
You didn't know any spells.
Your spell library contained the following spells:

 Spells                   Type           Power      Damage    Failure   Level
 Apportation              Tloc           0%         N/A       43%         1
 Necrotise                Necr           0%         1d4       43%         1
 Sting                    Conj/Alch      0%         1d3       43%         1
 Summon Small Mammal      Summ           0%         N/A       43%         1


Dungeon Overview and Level Annotations

Branches:
Dungeon (2/15)

Altars:

Annotations:
D:2 Natasha


Innate Abilities, Weirdness & Mutations

You are a filthy swine.
You move quickly.
Your equipment is almost entirely melded.
You are incapable of wielding weapons or throwing items.
You cannot cast spells.
You cannot be hasted, slowed, berserked, paralysed or teleported.
You can dig through walls and to a lower floor.
((You have a pair of large antennae on your head. (SInv)))
Your four strong arms can wield two-handed weapons with a shield.


Message History

No target in view!
A ball python comes into view.
The ball python hisses angrily.
You hear an angry hiss.
Natasha, Servant of Life and Death comes into view.
She is carrying a wand of polymorph.
The ball python bites you but does no damage.
The ball python grabs you. The ball python constricts you.
You closely miss the ball python.
Natasha casts a spell.
The ball python barely misses you. The ball python constricts you.
You hit the ball python.
The ball python is severely wounded.
The ball python barely misses you. The ball python constricts you.
You block the ball python's attack. The ball python constricts you.
You slash the ball python!
You kill the ball python!
Natasha casts a spell at you. The magic dart hits you.
You block Natasha's attack.
You slash Natasha!
Natasha is severely wounded.
The cerulean imp hits you but does no damage.
Natasha zaps a wand.
You turn into a filthy swine.
Your +0 war axe melds into your body.
Your +0 buckler melds into your body.
Your +0 scale mail melds into your body.
The cerulean imp hits you from afar with a +2 spear.
You closely miss Natasha.
Natasha is severely wounded.
Natasha claws you.
The cerulean imp hits you from afar with a +2 spear.
You are too injured to fight recklessly!
Unknown command.
The cerulean imp attacks as it pursues you!
The cerulean imp hits you from afar with a +2 spear.
* * * LOW HITPOINT WARNING * * *
Natasha stares at you and mumbles some strange words.
Your stasis prevents you from being slowed.
Sorry, you're not good enough to have a special ability.
The cerulean imp attacks as it pursues you!
The cerulean imp hits you from afar with a +2 spear!
You die...

.# ###...### .##
#.......# ..###
#.......# #.#..
###.......# ...#### #
####.........# ....... .
....#.......######...# #
#..#.......#..5..#.#
#####..#.......#h####h#
##................###.##
##.##.............##...#
##.##.##.........<###..#
......###.....##### ##.#
##.#### ##...## #.# #..#
#.....# #.# #.## #.....#
#.# #.# #.....# ##.# #.#
#.....# #..# #.##
#.....# #.##


You could see a cerulean imp (summoned).

Vanquished Creatures
  2 dart slugs (D:1)
  A ribbon worm (D:2)
  2 ball pythons
  A giant cockroach (D:1)
  A goblin (D:1)
  3 hobgoblins (D:1)
  2 jackals (D:1)
  A kobold (D:1)
  A quokka (D:1)
  3 bats
  A frilled lizard (D:1)
  A rat (D:1)
19 creatures vanquished.

Notes
Turn   | Place    | Note
-------+----------+-------------------------------------------
     0 | D:1      | AlterAsc the Formicid Fighter began the quest for the Orb.
     0 | D:1      | Reached XP level 1. HP: 18/18 MP: 1/1
   178 | D:1      | Reached XP level 2. HP: 24/24 MP: 2/2
   539 | D:1      | Reached XP level 3. HP: 25/29 MP: 3/3
   793 | D:2      | Found a faded altar of an unknown god.
   871 | D:2      | Noticed Natasha
   883 | D:2      | Slain by a cerulean imp

Illustrated notes

Levels and vault maps discovered:
D:1:      lightli_arrival_noodles, layout_basic,
          nicolae_concentric_dashed_squares_wild
D:2:      layout_loops_cross, serial_shops, shop, ebering_ecumenical_altar_webs,
          uniq_sigmund, uniq_natasha

Skill      XL: |  1  2 |
---------------+-------+-----
Axes           | 3 |  3.5
Fighting       | |  3.2
Armour         | |  3.2
Shields        | |  4.0

Action                     || total
---------------------------++-------
  Melee: War axe           ||    56
         Unarmed           ||     1
 Armour: Scale mail        ||    44
         Skin              ||     5
  Dodge: Dodged            ||    24
  Block: Buckler           ||    15
